 Dungeon Crawl Stone Soup version 0.29.1-12-g30fa7ad0bf (webtiles) character file.

Game seed: 78379234196253842

2810 growler the Fighter (level 10, -1/86 HPs)
             Began as a Formicid Fighter on Dec 23, 2022.
             Was a Believer of Cheibriados.
             Slain by a killer bee (5 damage)
             ... on level 8 of the Dungeon.
             The game lasted 00:15:32 (9005 turns).

growler the Fighter (Formicid Fighter)              Turns: 9005, Time: 00:15:32

Health: -1/86      AC:  8    Str: 27    XL:     10   Next: 2%
Magic:  10/11      EV:  9    Int: 16    God:    Cheibriados [**....]
Gold:   457        SH:  6    Dex: 24    Spells: 9/9 levels left

rFire   . . .      SeeInvis +   a - +0 quarterstaff
rCold   . . .      Faith    .   c - +0 buckler
rNeg    . . .      Spirit   .   b - +0 scale mail
rPois   .          Reflect  .   (helmet unavailable)
rElec   .          Harm     .   (no cloak)
rCorr   +          Rampage  .   (no gloves)
Will    +....                   z - +0 pair of boots
Stlth   +.........              (no amulet)
HPRegen 0.24/turn               n - +6 ring of dexterity
MPRegen 0.12/turn               g - ring of resist corrosion

@: lethally poisoned (-1 -> -11), very slow
A: permanent stasis, dig shafts and tunnels, antennae 3, four strong arms
a: Dig, Shaft Self, Renounce Religion, Bend Time


You were on level 8 of the Dungeon.
You worshipped Cheibriados.
Cheibriados was pleased with you.
You visited 1 branch of the dungeon, and saw 8 of its levels.

You collected 457 gold pieces.

Inventory:

Hand Weapons
 a - a +0 quarterstaff (weapon)
 D - a +2 vampiric whip
Armour
 b - a +0 scale mail (worn)
 c - a +0 buckler (worn)
 z - a +0 pair of boots (worn)
Jewellery
 g - a ring of resist corrosion (right hand)
 n - a +6 ring of dexterity (left hand)
 A - a ring of protection from fire
Wands
 d - a wand of flame (3)
 t - a wand of charming (22)
 y - a wand of quicksilver (6)
Scrolls
 f - 3 scrolls of magic mapping
 h - a scroll of poison {unknown}
 i - 3 scrolls of amnesia {unknown}
 j - a scroll of brand weapon {unknown}
 l - a scroll of fear {unknown}
 p - 3 scrolls of enchant armour {unknown}
 r - 2 scrolls of noise {unknown}
 s - 4 scrolls of silence {unknown}
 v - a scroll of vulnerability {unknown}
 x - a scroll of fog {unknown}
 B - 2 scrolls of identify
Potions
 e - 2 potions of heal wounds
 k - 3 potions of flight
 m - 3 potions of invisibility
 q - 3 potions of ambrosia {unknown}
 u - a potion of resistance
 w - a potion of cancellation {unknown}
 C - a potion of berserk rage {unknown}


   Skills:
 + Level 10.6 Fighting
 + Level 9.4 Staves
 - Level 3.2 Armour
 - Level 4.0 Shields
 + Level 1.5 Invocations


You had 9 spell levels left.
You didn't know any spells.
Your spell library contained the following spells:

 Spells                   Type           Power      Damage    Failure   Level
 Apportation              Tloc           0%         N/A       56%         1
 Necrotise                Necr           0%         1d4       56%         1
 Sting                    Tmut/Pois      0%         1d3       56%         1
 Summon Small Mammal      Summ           0%         N/A       56%         1
 Poisonous Vapours        Pois/Air       0%         N/A       71%         2
 Sublimation of Blood     Necr           0%         N/A       71%         2
 Gell's Gravitas          Tloc           0%         N/A       90%         3
 Teleport Other           Tloc           0%         N/A       90%         3
 Tukima's Dance           Hex            0%         N/A       90%         3
 Olgreb's Toxic Radiance  Pois           0%         N/A       100%        4
 Passage of Golubria      Tloc           0%         N/A       100%        4
 Petrify                  Tmut/Erth      0%         N/A       100%        4
 Irradiate                Conj/Tmut      0%         3d11      100%        5
 Yara's Violent Unravell  Hex/Tmut       0%         3d3       100%        5
 Dispersal                Tloc           0%         N/A       100%        6


Dungeon Overview and Level Annotations

Branches:
Dungeon (8/15)             Temple (0/1) D:5
   Lair: D:8-11

Altars:
Cheibriados
Fedhas
Hepliaklqana
Qazlal

Shops:
D:4 :


Innate Abilities, Weirdness & Mutations

You cannot be hasted, slowed, berserked, paralysed or teleported.
You can dig through walls and to a lower floor.
You have a pair of large antennae on your head. (SInv)
Your four strong arms can wield two-handed weapons with a shield.


Message History

The frilled lizard hisses angrily.
The killer bee stings you. x2
You are more poisoned.
The killer bee poisons you!
You feel very sick. The killer bee closely misses you.
The killer bee attacks as you move away!
The killer bee barely misses you.
You feel sick. The killer bee stings you.
You are more poisoned.
The killer bee poisons you! The killer bee stings you.
The killer bee attacks as you move away!
You block the killer bee's attack.
You feel very sick. The killer bee stings you.
* * * LOW HITPOINT WARNING * * *
The killer bee barely misses you. x2; The killer bee stings you!
* * * LOW HITPOINT WARNING * * *
You are more poisoned.
The killer bee poisons you!
The killer bee stings you but does no damage.
There is a stone staircase leading up here.
You feel better. The killer bee stings you.
* * * LOW HITPOINT WARNING * * *
You are poisoned.
The killer bee poisons you! The killer bee stings you.
* * * LOW HITPOINT WARNING * * *
The killer bee stings you.
* * * LOW HITPOINT WARNING * * *
You are lethally poisoned!
The killer bee poisons you!
The frilled lizard unfolds its giant frill.
The killer bee stings you.
* * * LOW HITPOINT WARNING * * *
The killer bee closely misses you.
The killer bee stings you but does no damage.
Okay, then.
* * * LOW HITPOINT WARNING * * *
You feel very sick. The killer bee stings you.
You die...

.......#..###
#...........#
#.......#
##..){.##
...{..##†##
..{### #y# >..
#.#
.....####.#######
. ........ly@...#
..##.....yy...#
#..........#
#..........#
#..........#
#..........#
#.....!....#
#..........#


You could see 3 killer bees and a frilled lizard.

Vanquished Creatures
  A hornet (D:7)
  Prince Ribbit (D:6)
  Eustachio (D:6)
  A water moccasin (D:7)
  A sky beast (D:6)
  An ice beast (D:4)
  A centaur (D:8)
  An ogre (D:6)
  A phantom (D:6)
  3 bullfrogs (D:7)
  A necrophage (D:7)
  3 scorpions
  7 wights (D:7)
  3 killer bees (D:8)
  2 howler monkeys
  5 hounds
  3 orc priests
  5 jellies
  A gnoll bouda (D:7)
  3 iguanas
  3 orc wizards
  4 gnolls (D:2)
  6 adders
  A shadow imp (D:5)
  2 ufetubi (D:7)
  2 worms (D:3)
  2 dart slugs
  15 orcs
  10 endoplasms
  3 giant cockroaches
  4 goblins
  11 hobgoblins
  3 jackals (D:1)
  4 kobolds
  2 quokkas
  6 ball pythons
  10 bats
  3 frilled lizards (D:3)
  2 rats
138 creatures vanquished.

Vanquished Creatures (others)
  5 plants (D:8)
5 creatures vanquished.

Grand Total: 143 creatures vanquished

Notes
Turn   | Place    | Note
-------+----------+-------------------------------------------
     0 | D:1      | growler the Formicid Fighter began the quest for the Orb.
     0 | D:1      | Reached XP level 1. HP: 18/18 MP: 1/1
    55 | D:1      | Found a faded altar of an unknown god.
    88 | D:1      | Reached XP level 2. HP: 24/24 MP: 2/2
   463 | D:1      | Reached XP level 3. HP: 28/30 MP: 3/3
   551 | D:1      | Reached skill level 4 in Fighting
   656 | D:2      | Reached XP level 4. HP: 24/38 MP: 4/4
  1547 | D:2      | Reached XP level 5. HP: 41/43 MP: 5/5
  2217 | D:3      | Reached skill level 5 in Fighting
  2965 | D:4      | Noticed an ice beast
  3132 | D:3      | Reached XP level 6. HP: 41/51 MP: 6/6
  3219 | D:4      | Found a snail-covered altar of Cheibriados.
  3233 | D:4      | Became a worshipper of Cheibriados the Contemplative
  3682 | D:4      | Found Ykhil's Self-Improvement Boutique.
  3715 | D:4      | Reached skill level 6 in Fighting
  3715 | D:4      | Reached skill level 5 in Staves
  3715 | D:4      | Reached XP level 7. HP: 49/58 MP: 7/7
  4140 | D:5      | Entered Level 5 of the Dungeon
  4547 | D:5      | Reached skill level 7 in Fighting
  4813 | D:5      | Reached XP level 8. HP: 54/67 MP: 8/8
  4880 | D:5      | Found a staircase to the Ecumenical Temple.
  4902 | D:5      | Identified the +11 dagger "Weecueve" {spect, *Slow rC+++
                  | Int+4 Dex-4}
  5142 | D:6      | Reached * piety under Cheibriados
  5152 | D:6      | HP: 3/67 [orc/+0 hand axe (2)]
  6039 | D:6      | Noticed Prince Ribbit
  6059 | D:6      | Killed Prince Ribbit
  6060 | D:6      | Reached skill level 8 in Fighting
  6446 | D:6      | Reached XP level 9. HP: 61/75 MP: 9/9
  6665 | D:6      | Found a hazy altar of Hepliaklqana.
  6668 | D:6      | Found a blossoming altar of Fedhas.
  6673 | D:6      | Found a stormy altar of Qazlal.
  6743 | D:6      | Noticed Eustachio
  6764 | D:6      | Killed Eustachio
  6765 | D:6      | Reached skill level 9 in Fighting
  7655 | D:7      | Reached ** piety under Cheibriados
  7995 | D:7      | Noticed a hornet
  8010 | D:7      | Killed a hornet
  8011 | D:7      | Reached skill level 10 in Fighting
  8994 | D:8      | Reached skill level 1 in Invocations
  8997 | D:8      | Reached XP level 10. HP: 49/86 MP: 9/11
  9005 | D:8      | HP: 4/86 [poisoned by a killer bee]
  9005 | D:8      | Slain by a killer bee

Illustrated notes

Levels and vault maps discovered:
D:1:      minmay_arrival_semitransparent, layout_basic,
          shapermc_ecumenical_altar_mp_urbaneastern, hangedman_decor_push,
          lemuel_flame_loot_1
D:2:      layout_basic, serial_glass, glass_columns_b, glass_columns_c,
          glass_columns_b
D:3:      layout_basic, minmay_misc_feat_five, minmay_fractal_squares_diagonal_5
D:4:      layout_loops_ring, mainiacjoe_overflow_paths, nicolae_shop_self_help
D:5:      layout_loops_ring, minmay_temple_entry_drinking_statues
D:6:      layout_basic, grunt_temple_overflow_diamond,
          kennysheep_generic_room_2, uniq_prince_ribbit1, uniq_eustachio
D:7:      minmay_skewed_foursquare, layout_cave_pods
D:8:      layout_rooms, grunt_temple_overflow_magic_moments, minmay_lizard_king,
          uniq_grum, uniq_erica

Skill      XL: |  1  2  3  4  5  6  7  8  9 |
---------------+----------------------------+-----
Fighting       | 4 5 6 7 8 10 | 10.6
Staves         | 3 4 5 6 7 9 |  9.4
Invocations    | 1 |  1.5
Armour         | |  3.2
Shields        | |  4.0

Action                   |  1- 3 |  4- 6 |  7- 9 | 10-12 || total
-------------------------+-------+-------+-------+-------++-------
Melee: Quarterstaff      |    54 |   167 |   310 |     2 ||   533
Invok: Bend Time         |       |       |     1 |       ||     1
Evoke: Wand              |       |       |     8 |       ||     8
  Use: Scroll            |       |     5 |     2 |       ||     7
       Potion            |       |     1 |     3 |     1 ||     5
Armor: Scale mail        |    20 |    69 |   102 |     4 ||   195
Dodge: Dodged            |    25 |    81 |   145 |     7 ||   258
Block: Buckler           |    10 |    47 |    97 |     2 ||   156
